 Dungeon Crawl Stone Soup version 0.20.0-15-g7f486f2 (webtiles) character file.

36078 Cqwertzu the Alchemist (level 13, -18/93 HPs)
             Began as a Merfolk Transmuter on June 26, 2017.
             Was a High Priest of Sif Muna.
             Killed from afar by an ogre mage (32 damage)
             ... with a bolt of lightning
             ... on level 13 of the Dungeon.
             The game lasted 00:42:15 (18266 turns).

Cqwertzu the Alchemist (Merfolk Transmuter)        Turns: 18266, Time: 00:42:15

Health: -18/93     AC:  6    Str: 11    XL:     13   Next: 88%
Magic:  22/25      EV: 24    Int: 12    God:    Sif Muna [*****.]
Gold:   935        SH:  6    Dex: 19    Spells: 7/28 levels left

rFire    . . .     SeeInvis +     - Unarmed
rCold    . . .     Gourm    .   (shield currently unavailable)
rNeg     . . .     Faith    .   b - +2 robe
rPois    .         Spirit   .   n - +1 helmet
rElec    .         Reflect  +   z - scarf {repulsion}
rCorr    +         Harm     .   (gloves currently unavailable)
MR       .....                  (no boots)
Stlth    ++........             H - +6 amulet of reflection
Regen    0.3/turn               l - ring of resist corrosion
MPRegen  0.2/turn               o - ring of see invisible

@: blade hands (expiring), repel missiles
A: change form in water, swift swim, stealthy swim
a: End Transformation, Divine Energy, Channel Magic, Forget Spell, Renounce
Religion


You were on level 13 of the Dungeon.
You worshipped Sif Muna.
Sif Muna was extremely pleased with you.
You were hungry.
You had blades for hands.
You visited 2 branches of the dungeon, and saw 14 of its levels.
You also visited: Ossuary and Bailey.

You collected 968 gold pieces.
You spent 33 gold pieces at shops.

Inventory:

Missiles
 a - 151 arrows
Armour
 b - a +2 robe (worn)
 n - a +1 helmet (worn)
 z - a scarf of repulsion (worn)
Jewellery
 l - a ring of resist corrosion (left scythe-like blade)
 o - a ring of see invisible (right scythe-like blade)
 H - a +6 amulet of reflection (around neck)
Scrolls
 d - a scroll of magic mapping
 g - 3 scrolls of amnesia
 j - 3 scrolls of teleportation
 m - 2 scrolls of recharging
 p - 3 scrolls of blinking
 q - a scroll of fear
 r - 3 scrolls of immolation
 t - a scroll of fog
 y - 2 scrolls of enchant weapon
 A - 6 scrolls of remove curse
Potions
 e - 3 potions of cancellation
 f - 4 potions of mutation
 k - 3 potions of flight
 s - 2 potions of might
 v - 3 potions of lignification
 w - 11 potions of curing
 C - 3 potions of berserk rage
Books
 c - Sif Muna's Guide on the Earthen Traveller
   (Sif Muna gifted it to you on level 12 of the Dungeon)

   Spells                             Type                      Level
   a - Blink                          Translocation                2
   b - Passwall                       Transmutation/Earth          2
   c - Force Lance                    Conjuration/Translocation    4
   d - Statue Form                    Transmutation/Earth          6
   e - Lehudib's Crystal Spear        Conjuration/Earth            8
 h - a book of Callings

   Spells                             Type                      Level
   a - Summon Small Mammal            Summoning                    1
   b - Call Imp                       Summoning                    2
   c - Call Canine Familiar           Summoning                    3
   d - Summon Guardian Golem          Hexes/Summoning              3
   e - Summon Lightning Spire         Summoning/Air                4
   f - Summon Ice Beast               Ice/Summoning                4
Comestibles
 i - 7 royal jellies
 u - 6 meat rations
 x - 23 fruits
 B - 6 chunks of flesh
 D - 2 bread rations


   Skills:
 - Level 6.0 Fighting
 - Level 14.0 Dodging
 - Level 10.4 Unarmed Combat
 - Level 8.1 Spellcasting
 + Level 18.7 Transmutations


You had 7 spell levels left.
You knew the following spells:

 Your Spells              Type           Power        Failure   Level  Hunger
a - Beastly Appendage     Tmut           #####.       3%          1    None
b - Sticks to Snakes      Tmut           #####...     3%          2    #......
c - Spider Form           Tmut/Pois      ####......   14%         3    ##.....
d - Blade Hands           Tmut           #####.....   9%          5    ######.
e - Ice Form              Ice/Tmut       ####....     26%         4    ####...
f - Statue Form           Tmut/Erth      ####.....    83%         6    #######


Dungeon Overview and Level Annotations

Branches:
Dungeon (13/15)            Temple (1/1) D:7            Lair (0/6) D:9
    Orc (0/2) D:11
 Vaults: D:13-14

Altars:
Ashenzari
Cheibriados
Dithmenos
Elyvilon
Fedhas
Gozag
Hepliaklqana
Kikubaaqudgha
Makhleb
Nemelex Xobeh
Okawaru
Qazlal
Ru
Sif Muna
Trog
Uskayaw
Vehumet
Xom
Yredelemnul
Zin
The Shining One

Shops:
D:5 [   D:11 *

Portals:
Trove: D:10 (give +3 fire dragon scales)


Message History

Your transformation is almost over.
The ogre mage points at you and mumbles some strange words.
You shrug off the repeated paralysis!
The ogre mage hits you with a rapier. The ogre mage hits you with a rapier!
The ogre mage gestures at you while chanting.
The bolt of lightning hits you!
* * * LOW HITPOINT WARNING * * *
You can move again.
Unknown command.
Unknown command.
Unknown command.
You hit the ogre mage.
The ogre mage is heavily wounded.
The ogre mage misses you.
Unknown command.
You slice the ogre mage!!
The ogre mage is almost dead.
The ogre mage casts a spell at you. The bolt of lightning hits you!
You die...

....#....#)#....#....#
#...#.).#.#.#...#...###.
##..#..#..#..#..#..###..
###.#.#...#...#)#.###...
.###)#....#....#.###...#
..###.####.####.###...#
##.###....#....###...#
..#.###...#...###O..#
.#.#.###..#./###@..#####.
#..#..###.#.###..........
..)#...###.###...#.....#
...#....##.##...##.....#.
###.####....(.....<......
.))#....##.......:..#######
.))#...###).....))#.# .....
#..#..###.........#.#......
.#.#.###.........)#)'......


You could see an ogre mage.

Vanquished Creatures
  Snorg (D:10)
  The ghost of slavetoarmok the Fighter, a journeyman GrGl of Ru (D:11)
  2 two-headed ogres
  A tengu warrior (D:10)
  3 centaur warriors (D:13)
  An unseen horror (shapeshifter) (D:13)
  3 unseen horrors
  An orc knight (Bailey)
  2 ugly things (D:11)
  A wolf spider (D:13)
  A deep elf mage (D:13)
  A cyclops (D:13)
  4 manticores
  An elephant (D:9)
  A gargoyle (D:11)
  4 kobold demonologists (D:13)
  4 trolls
  5 hippogriffs
  3 wraiths
  2 wyverns
  12 yaks
  A yak (shapeshifter) (D:13)
  A basilisk (D:9)
  3 shadows
  4 vampire mosquitoes (D:13)
  Grum (D:8)
  A steam dragon (D:11)
  A hungry ghost (D:9)
  Edmund (D:4)
  2 water moccasins
  5 ice beasts
  12 orc warriors
  4 black bears
  A phantom (D:7)
  8 ogres
  A sky beast (D:11)
  4 wolves
  5 centaurs
  A crocodile (D:9)
  Blork the orc (D:4)
  3 big kobolds
  10 bullfrogs
  4 water moccasin zombies (Ossuary)
  8 scorpions
  7 killer bees (D:12)
  11 wights
  4 howler monkeys
  10 crimson imps
  A bullfrog zombie (D:8)
  A centaur zombie (D:6)
  A quasit (D:10)
  4 jellies
  9 orc wizards
  5 orc priests
  3 hounds
  Crazy Yiuf (D:4)
  A bullfrog skeleton (D:12)
  4 centaur skeletons
  6 iguanas
  9 worker ants
  A killer bee zombie (D:10)
  2 big kobold zombies (Ossuary)
  2 mummies (Ossuary)
  2 hound zombies
  Robin (D:4)
  A howler monkey zombie (D:6)
  A worker ant zombie (D:11)
  4 gnolls (D:3)
  15 adders
  2 shadow imps
  An ooze (D:2)
  3 adder skeletons
  3 adder zombies (Ossuary)
  2 dart slugs
  3 worms
  10 leopard geckos
  43 orcs
  A ball python (D:2)
  10 giant cockroaches
  18 goblins
  4 hobgoblins
  16 jackals
  6 quokkas
  6 bats (D:1)
  3 frilled lizards
  3 gnoll zombies (Ossuary)
  3 hobgoblin zombies (Ossuary)
  A jackal zombie (D:7)
  21 kobolds
  2 kobold zombies (Ossuary)
  4 orc zombies (Ossuary)
  A quokka skeleton (D:4)
  8 rats
416 creatures vanquished.

Vanquished Creatures (collateral kills)
  A hydra (D:13)
  Urug (D:11)
  A freezing wraith (D:13)
  An orc warrior (Bailey)
  A jelly (D:3)
  6 orcs (Bailey)
  3 goblins (D:4)
  A bat (D:3)
15 creatures vanquished.

Vanquished Creatures (others)
  A plant (D:10)
1 creature vanquished.

Grand Total: 432 creatures vanquished

Notes
Turn   | Place    | Note
-------+----------+-------------------------------------------
     0 | D:1      | Cqwertzu the Merfolk Transmuter began the quest for the Orb.
     0 | D:1      | Reached XP level 1. HP: 15/15 MP: 3/3
   117 | D:1      | Reached skill level 3 in Transmutations
   301 | D:1      | Reached XP level 2. HP: 21/21 MP: 5/5
   305 | D:1      | Learned a level 2 spell: Sticks to Snakes
   585 | D:1      | Reached skill level 4 in Transmutations
  1228 | D:2      | Reached XP level 3. HP: 24/26 MP: 6/6
  1258 | D:2      | Learned a level 3 spell: Spider Form
  1291 | D:2      | Reached skill level 5 in Transmutations
  1439 | D:2      | Found a burning altar of Makhleb.
  1448 | D:2      | Reached XP level 4. HP: 31/32 MP: 1/7
  1512 | D:2      | Reached skill level 6 in Transmutations
  2098 | D:3      | Reached XP level 5. HP: 35/37 MP: 0/8
  2195 | D:3      | Reached skill level 7 in Transmutations
  2861 | D:3      | Found a glowing silver altar of Zin.
  2869 | D:3      | Found a burning altar of Makhleb.
  2869 | D:3      | Found a sparkling altar of Nemelex Xobeh.
  2869 | D:3      | Found an iron altar of Okawaru.
  2879 | D:3      | Found a shadowy altar of Dithmenos.
  3012 | D:4      | Reached XP level 6. HP: 43/43 MP: 7/10
  3020 | D:4      | Learned a level 5 spell: Blade Hands
  3101 | D:4      | Reached skill level 8 in Transmutations
  3199 | D:4      | Noticed Robin
  3457 | D:4      | Killed Robin
  3463 | D:4      | Reached XP level 7. HP: 21/48 MP: 5/11
  3634 | D:4      | Noticed Edmund
  3669 | D:4      | Killed Edmund
  3669 | D:4      | Reached skill level 9 in Transmutations
  4007 | D:4      | Reached skill level 10 in Transmutations
  4141 | D:4      | Found a stormy altar of Qazlal.
  4302 | D:4      | Found a runed door.
  4618 | D:4      | Noticed Blork the orc
  4629 | D:4      | Killed Blork the orc
  4859 | D:4      | Noticed Crazy Yiuf
  4863 | D:4      | Killed Crazy Yiuf
  4863 | D:4      | Reached skill level 5 in Dodging
  4892 | D:5      | Entered Level 5 of the Dungeon
  5004 | D:5      | Reached XP level 8. HP: 54/54 MP: 6/12
  5101 | D:5      | Found Tailekem's Armour Emporium.
  5288 | D:5      | Reached skill level 5 in Unarmed Combat
  5357 | D:5      | Found a bloodstained altar of Trog.
  5762 | D:6      | Reached skill level 5 in Spellcasting
  6471 | D:6      | Reached XP level 9. HP: 59/59 MP: 10/16
  6584 | D:6      | Found a bloodstained altar of Trog.
  6727 | D:7      | Found a staircase to the Ecumenical Temple.
  6732 | Temple   | Entered the Ecumenical Temple
  6739 | Temple   | Became a worshipper of Sif Muna the Loreminder
  6795 | D:7      | Found a sand-covered staircase.
  6800 | Ossuary  | Entered an ossuary
  7173 | D:7      | You fall through a shaft for 3 floors!
  7173 | D:10     | Entered Level 10 of the Dungeon
  7173 | D:10     | Noticed Snorg
  7200 | D:10     | Noticed Urug
  7363 | D:9      | Found a flagged portal.
  7370 | Bailey   | Entered a bailey
  8193 | Bailey   | Found a roughly hewn altar of Beogh.
  8193 | Bailey   | Noticed an orc knight
  8568 | Bailey   | Killed an orc knight
  8568 | Bailey   | Reached skill level 10 in Dodging
  8568 | Bailey   | Reached XP level 10. HP: 65/65 MP: 0/17
  9143 | D:7      | Found a basalt altar of Yredelemnul.
  9174 | D:7      | Found a glowing golden altar of the Shining One.
  9275 | D:7      | Noticed an angel
  9522 | D:8      | Reached * piety under Sif Muna
  9633 | D:8      | Reached skill level 11 in Transmutations
  9944 | D:8      | Noticed Grum
 10219 | D:8      | Killed Grum
 10219 | D:8      | Reached skill level 12 in Transmutations
 10506 | D:8      | Noticed a two-headed ogre
 10516 | D:8      | Killed a two-headed ogre
 11280 | D:9      | Found a staircase to the Lair.
 11280 | D:9      | Noticed an elephant
 11298 | D:9      | Reached skill level 10 in Unarmed Combat
 11302 | D:9      | Killed an elephant
 11302 | D:9      | Reached XP level 11. HP: 49/75 MP: 12/18
 11928 | D:10     | Found a portal to a secret trove of treasure.
 12091 | D:10     | Reached ** piety under Sif Muna
 12242 | D:9      | Found a shattered altar of Ashenzari.
 12278 | D:10     | Killed Snorg
 12488 | D:10     | Noticed a two-headed ogre
 12500 | D:10     | Killed a two-headed ogre
 13021 | D:10     | Reached *** piety under Sif Muna
 13021 | D:10     | Reached **** piety under Sif Muna
 13021 | D:10     | Reached skill level 15 in Transmutations
 13021 | D:10     | Reached XP level 12. HP: 81/81 MP: 23/23
 13138 | D:10     | Noticed a tengu warrior
 13150 | D:10     | Killed a tengu warrior
 13357 | D:11     | Killed Urug
 13726 | D:11     | Found Qis Xeh's Assorted Antiques.
 13853 | D:11     | Bought a scroll labeled JALYONW TALOUQ for 33 gold pieces
 13854 | D:11     | Noticed slavetoarmok's ghost (journeyman GrGl)
 13874 | D:11     | Killed slavetoarmok's ghost
 14403 | D:11     | Found a stormy altar of Qazlal.
 14802 | D:11     | Found a staircase to the Orcish Mines.
 14906 | D:11     | Reached XP level 13. HP: 83/86 MP: 19/25
 15222 | D:12     | Reached skill level 5 in Fighting
 15537 | D:12     | Reached skill level 16 in Transmutations
 16170 | D:13     | Reached ***** piety under Sif Muna
 16179 | D:13     | Learned a level 4 spell: Ice Form
 16860 | D:12     | Identified Sif Muna's Guide on the Earthen Traveller (Sif Muna gifted it to you on level 12 of the Dungeon)
 16860 | D:12     | Received a gift from Sif Muna
 17014 | D:12     | Learned a level 6 spell: Statue Form
 17026 | D:13     | Reached skill level 17 in Transmutations
 17406 | D:13     | Reached skill level 18 in Transmutations
 18252 | D:13     | Noticed an ogre mage
 18258 | D:13     | Paralysed by an ogre mage for 6 turns
 18266 | D:13     | Killed from afar by an ogre mage

Skill      XL: |  1  2  3  4  5  6  7  8  9 10 11 12 13 |
---------------+----------------------------------------+-----
Transmutations | 3 4 5 6 7 8 10 12 15 18 | 18.7
Spellcasting   | 3 5 7 8 |  8.1
Dodging        | 5 10 11 13 14 | 14.0
Unarmed Combat | 7 8 10 | 10.4
Fighting       | 3 6 |  6.0

Action                   |  1- 3 |  4- 6 |  7- 9 | 10-12 | 13-15 || total
-------------------------+-------+-------+-------+-------+-------++-------
Melee: Unarmed           |    82 |   181 |   303 |   405 |   265 ||  1236
       Punch             |     1 |     2 |     9 |    11 |    10 ||    33
       Headbutt          |     1 |       |       |       |       ||     1
       Tailslap          |       |       |     2 |     3 |       ||     5
 Cast: Beastly Appendage |     2 |       |       |       |       ||     2
       Spider Form       |     5 |    22 |     4 |     1 |     1 ||    33
       Sticks to Snakes  |       |     3 |    34 |    36 |    17 ||    90
       Blade Hands       |       |       |    47 |    60 |    33 ||   140
  Use: Scroll            |       |     9 |    15 |     6 |     2 ||    32
       Potion            |       |       |     2 |     1 |     1 ||     4
 Stab: Sleeping          |     2 |     2 |     2 |     3 |       ||     9
       Distracted        |       |       |     2 |     3 |       ||     5
  Eat: Chunk             |     1 |    10 |    23 |    34 |    11 ||    79
       Bread ration      |       |       |     3 |     2 |       ||     5
       Fruit             |       |       |       |     1 |    11 ||    12
Armor: Robe              |     9 |     6 |    57 |    50 |    20 ||   142
       Skin              |       |     9 |       |       |       ||     9
Dodge: Dodged            |    69 |   165 |   243 |   311 |   223 ||  1011
       Deflected         |       |       |    10 |     5 |     4 ||    19
Block: Other             |       |       |       |    32 |    84 ||   116
       Reflection        |       |       |       |     1 |     4 ||     5
